 Dungeon Crawl Stone Soup version 0.31-a0-234-gad7ace16ef (webtiles) character file.

Game seed: 4192976122288397133

145 qw the Shooter (level 5, -5/30 HPs)
             Began as a Gargoyle Hexslinger on July 9, 2023.
             Slain by an ogre
             ... wielding a +0 giant club
              (13 damage)
             ... on level 3 of the Dungeon.
             The game lasted 00:00:59 (2431 turns).

qw the Shooter (Gargoyle Hexslinger)                Turns: 2431, Time: 00:01:00

Health: -5/30      AC: 10    Str: 12    XL:     5   Next: 27%
Magic:  6/6        EV: 10    Int: 13    God:
Gold:   95         SH:  0    Dex: 14    Spells: 5/6 levels left

rFire   + . .        Y - +1 sling
rCold   . . .        (no shield)
rNeg    + . .        n - +0 ring mail
rPois   inf          (no helmet)
rElec   +            (no cloak)
rCorr   .            (no gloves)
SInv    .            f - +0 pair of boots
Will    .....        (no amulet)
Stlth   +            l - ring of protection from fire
HPRegen 0.25/turn    (no ring)
MPRegen 0.10/turn

%: no passive effects
@: brilliant
A: sickness immunity, AC +4, negative energy resistance 1, electricity
resistance, torment resistance 1, petrification resistance
a: no special abilities


You were on level 3 of the Dungeon.
You visited 1 branch of the dungeon, and saw 4 of its levels.

You collected 95 gold pieces.


Innate Abilities, Weirdness & Mutations

You are immune to sickness and miasma.
Your stone body is resilient. (AC +4)
You are immune to poison.
You resist negative energy. (rN+)
You are resistant to electric shocks. (rElec)
You are resistant to unholy torment.
You are immune to petrification.


   Skills:
 - Level 2.0 Fighting
 + Level 4.9 Ranged Weapons
 - Level 1.0 Armour
 - Level 1.5 Dodging
 - Level 1.0 Spellcasting
 - Level 2.6 Hexes


You had 5 spell levels left.
You knew the following spells:

 Your Spells              Type           Power      Damage    Failure   Level
a - Slow                  Hex            44%        N/A       22%         1

Your spell library contained the following spells:

 Spells                   Type           Power      Damage    Failure   Level
 Inner Flame              Hex/Fire       6%         N/A       73%         3
 Portal Projectile        Hex/Tloc       12%        N/A       73%         3
 Cause Fear               Hex            5%         N/A       91%         4

Inventory:

Hand Weapons
 Y - a +1 sling (weapon)
Armour
 f - a +0 pair of boots (worn)
 n - a +0 ring mail (worn)
Jewellery
 l - a ring of protection from fire (left hand)
 m - a ring of ice
Scrolls
 c - a scroll of identify
Potions
 e - a potion of enlightenment {unknown}
 g - a potion of curing {unknown}
 j - a potion of cancellation {unknown}
 k - a potion of lignification {unknown}
 o - a potion of degeneration {unknown}

Dungeon Overview and Level Annotations

Branches:
Dungeon (4/15)
 Temple: D:4-7

Altars:
Hepliaklqana
Zin
The Shining One


Message History

The hobgoblin barely misses you.
You shoot a sling bullet. The sling bullet hits the hobgoblin!
You kill the hobgoblin!
You shoot a sling bullet. The sling bullet hits the ogre.
The ogre is moderately wounded.
You shoot a sling bullet. The sling bullet hits the ogre!
The ogre is heavily wounded.
A sleepcap comes into view.
The ogre barely misses you.
You shoot a sling bullet. The sling bullet hits the ogre.
The ogre is severely wounded.
You shoot a sling bullet.
The sling bullet closely misses the ogre.
The sling bullet hits the sleepcap.
The sleepcap is lightly damaged.
The ogre hits you with a +0 giant club!!
Ouch! That really hurt!
2424 ||| STAIRDANCE The ogre barely misses you.
You climb upwards.
There is a stone staircase leading down here.
You shoot a sling bullet.
The sling bullet barely misses the ogre.
The ogre closely misses you.
You shoot a sling bullet. The sling bullet hits the ogre.
The ogre is almost dead.
The ogre closely misses you.
You shoot a sling bullet.
The sling bullet hits the ogre but does no damage.
The ogre is almost dead.
The ogre barely misses you.
You shoot a sling bullet. The sling bullet hits the ogre.
The ogre is almost dead.
You shoot a sling bullet.
The sling bullet barely misses the ogre.
The ogre closely misses you.
You shoot a sling bullet. The sling bullet hits the ogre.
The ogre is almost dead.
The ogre hits you with a +0 giant club!
You die...

......# ##.## #.##.##.# #.#
......# #.# #.##..#.# #.# ..%...#
#.# #.###.#.####.# ..#.#.# ##'##
#.........##.# ..#.#.# ##...##
##.##.###.##.# ......# ##.....##
#.##.# #.##.. ###.### ##.......##
#.#..###.####
##...####..!....O.###.....##.####
#......[+.......@.+..............
##...####.........###........####
##.## ##.......## ###.#.#####..
#.# ##.....## ###.# #.# #.#
##...## #.# #.# #^# ##+## ##.#
#.# #.# #.# #..# #.# #.# #.# #.##
#.# #.# ###.##########.# #.#


You could see an ogre.

Vanquished Creatures
  An orc priest (D:2)
  Jessica (D:3)
  3 adders
  3 dart slugs (D:3)
  3 orcs (D:2)
  8 bats
  4 endoplasms
  A giant cockroach (D:3)
  A goblin (D:2)
  10 hobgoblins
  A quokka (D:3)
  6 ball pythons
  5 frilled lizards
  4 kobolds
  5 rats
56 creatures vanquished.

Notes
Turn   | Place    | Note
-------+----------+-------------------------------------------
     0 | D:1      | qw the Gargoyle Hexslinger began the quest for the Orb.
     0 | D:1      | Reached XP level 1. HP: 12/12 MP: 2/2
     0 | D:1      | 0 ||| qw: Version: 0.3-a-51-g015441d
     0 | D:1      | 0 ||| qw: Game counter: 4112
     0 | D:1      | 0 ||| qw: Melee chars always use a shield: true
     0 | D:1      | 0 ||| qw: God list: Okawaru
     0 | D:1      | 0 ||| qw: Allow faded altars: false
     0 | D:1      | 0 ||| qw: Do Orc after clearing Dungeon:15 true
     0 | D:1      | 0 ||| qw: Do second Lair branch before Depths: true
     0 | D:1      | 0 ||| qw: Lair rune preference: random
     0 | D:1      | 0 ||| qw: Goals: Normal
     0 | D:1      | 0 ||| PLANNING D:1-11
   176 | D:1      | Reached XP level 2. HP: 16/16 MP: 3/3
   674 | D:1      | 674 ||| UPGRADING to +0 pair of boots.
   679 | D:1      | 679 ||| UPGRADING to +0 ring mail.
   689 | D:1      | 689 ||| DROPPING +0 robe.
   690 | D:1      | 690 ||| UPGRADING to ring of protection from fire.
   691 | D:1      | 691 ||| READING scroll labelled URAZO YNIOWO.
   692 | D:1      | 692 ||| READING scroll labelled VEIMOS XOTUIFF.
   696 | D:1      | 696 ||| READING scroll labelled WUANOG IXZORUIGOHU.
   697 | D:1      | 697 ||| DROPPING scroll of poison.
   759 | D:2      | Found a glowing silver altar of Zin.
   775 | D:2      | Reached skill level 3 in Ranged Weapons
   880 | D:2      | Reached XP level 3. HP: 19/21 MP: 4/4
   884 | D:2      | Reached skill level 1 in Armour
   993 | D:2      | Reached XP level 4. HP: 19/26 MP: 5/5
  1034 | D:2      | HP: 5/26 [orc/+0 trident (5)]
  1249 | D:2      | Reached skill level 4 in Ranged Weapons
  1405 | D:2      | 1405 ||| READING 3 scrolls labelled UPNIUSMUYJA.
  1406 | D:2      | 1406 ||| READING 3 scrolls labelled GUPIACL EHAI.
  1407 | D:2      | 1407 ||| READING 2 scrolls of identify.
  1407 | D:2      | 1407 ||| IDENTIFYING grey potion
  1408 | D:2      | 1408 ||| DROPPING potion of ambrosia.
  1409 | D:2      | 1409 ||| DROPPING 2 scrolls of vulnerability.
  1434 | D:3      | Noticed Jessica
  1441 | D:3      | Killed Jessica
  1541 | D:3      | Found a glowing golden altar of the Shining One.
  1565 | D:3      | Reached XP level 5. HP: 30/30 MP: 6/6
  1591 | D:3      | Found a faded altar of an unknown god.
  1943 | D:3      | Found a hazy altar of Hepliaklqana.
  2381 | D:3      | 2381 ||| DROPPING amulet of magic regeneration.
  2382 | D:3      | 2382 ||| DROPPING ring of wizardry.
  2383 | D:3      | 2383 ||| READING scroll labelled BEASEU KUAGU.
  2384 | D:3      | 2384 ||| READING scroll labelled GUJIMO BOFY.
  2405 | D:3      | 2405 ||| DRINKING 2 dark potions.
  2406 | D:3      | 2406 ||| READING 2 scrolls of identify.
  2406 | D:3      | 2406 ||| IDENTIFYING smoky green potion
  2407 | D:3      | 2407 ||| DROPPING potion of magic.
  2408 | D:3      | 2408 ||| DROPPING potion of brilliance.
  2416 | D:4      | Noticed an ogre
  2423 | D:4      | HP: 5/30 [ogre/+0 giant club (25)]
  2424 | D:4      | 2424 ||| STAIRDANCE
  2431 | D:3      | Slain by an ogre

Levels and vault maps discovered:
D:1:      amcnicky_arrival_single_pillar, layout_loops_cross,
          minmay_tetromino_o4
D:2:      layout_rooms, basic_altar, kennysheep_doodads, minmay_circle_x
D:3:      layout_loops_corners, mainiacjoe_overflow_boulevard,
          mainiacjoe_overflow_concentric_impassable,
          hellmonk_ecumenical_altar_heavens_door, corner_web_ring, uniq_jessica
D:4:      layout_basic, lemuel_mausoleum_altar_yredelemnul,
          minmay_temple_entry_crystal_x, uniq_crazy_yiuf_cottage, uniq_natasha

Skill      XL: |  1  2  3  4 |
---------------+-------------+-----
Ranged Weapons | 3 4 |  4.9
Fighting       | 2 |  2.0
Armour         | 1 |  1.0
Dodging        | |  1.5
Spellcasting   | |  1.0
Hexes          | |  2.6

Action                     |  1- 3 |  4- 6 || total
---------------------------+-------+-------++-------
   Fire: Sling             |    85 |   131 ||   216
    Use: Scroll            |     3 |     6 ||     9
         Potion            |       |     1 ||     1
 Armour: Robe              |     2 |       ||     2
         Ring mail         |    22 |    49 ||    71
  Dodge: Dodged            |    36 |    64 ||   100

Table legend:
 A = Non-vault XP
 B = Vault XP
 C = Vault XP percentage of total XP
 D = Non-vault monster count
 E = Vault monster count
 F = Vault count percentage of total count
                 A         B        C        D         E       F
            +---------+---------+-------+---------+---------+-------
      Total |     147 |      61 |  29.3 |      47 |       9 |  16.1
            +---------+---------+-------+---------+---------+-------
        D:1 |      13 |       4 |  23.5 |       9 |       3 |  25.0
        D:2 |      77 |      20 |  20.6 |      14 |       5 |  26.3
        D:3 |      55 |      37 |  40.2 |      23 |       1 |   4.2
        D:4 |       2 |       0 |   0.0 |       1 |       0 |   0.0
            +---------+---------+-------+---------+---------+-------
